 Dungeon Crawl Stone Soup version 0.30-a0-122-g2a1322497e (webtiles) character file.

Game seed: 17431077676197304150

48876 Engwar the Spry (level 14, -5/70 HPs)
             Began as a Felid Summoner on Sept 15, 2022.
             Was an Initiate of Gozag.
             Shot with an arrow by a centaur warrior (24 damage)
             ... on level 14 of the Dungeon on Sept 16, 2022.
             The game lasted 03:07:54 (33965 turns).

Engwar the Spry (Felid Summoner)                   Turns: 33965, Time: 03:07:55

Health: -5/70      AC:  3    Str: 11    XL:     14   Next: 13%
Magic:  12/20      EV: 29    Int: 27    God:    Gozag
Gold:   1016       SH:  5    Dex: 17    Spells: 2/34 levels left
                                        Lives:  0   Deaths: 4

rFire   + . .      SeeInvis +    (weapon unavailable)
rCold   + . .      Faith    .    (shield unavailable)
rNeg    . . .      Spirit   .    (body armour unavailable)
rPois   .          Reflect  +    (helmet unavailable)
rElec   .          Harm     .    (cloak unavailable)
rCorr   .          Rampage  .    (gloves unavailable)
Will    ++...                    (boots unavailable)
Stlth   +++.......               C - amulet of Onacacs {Reflect Regen+ MP-9 Str+7 SH+5 Stlth+}
HPRegen 1.01/turn                F - +6 ring of intelligence
MPRegen 0.17/turn                n - ring of protection from fire

@: quick
A: very small, claws 1, fangs 3, see invisible, speed 1, shaggy fur 3, stealthy
paws, no weapons or thrown items, no armour, multi-lived
a: Renounce Religion, Potion Petition, Call Merchant, Bribe Branch


You were on level 14 of the Dungeon.
You worshipped Gozag.
Gozag was most pleased with you.
You visited 4 branches of the dungeon, and saw 22 of its levels.
You also visited: Ossuary.

You collected 7841 gold pieces.
You spent 2587 gold pieces at shops.
You paid 4238 gold pieces to Gozag.

Inventory:

Jewellery
 b - an amulet of the acrobat
 j - a ring of poison resistance
 n - a ring of protection from fire (right paw)
 o - a ring of magical power
 C - an amulet of Onacacs (around neck) {Reflect Regen+ MP-9 Str+7 SH+5 Stlth+}
   (You bought it in a shop on level 10 of the Dungeon)

   [amulet of reflection]

   It reflects blocked missile attacks.
   Str:       It affects your strength (+7).
   MP:        It affects your magic capacity (-9).
   Regen:     It increases your rate of health regeneration.
   SH:        It affects your SH (+5).
   Stlth:     It makes you more stealthy.
 F - a +6 ring of intelligence (left paw)
 G - a +6 ring of intelligence
 I - a ring of protection from fire
 J - a ring of flight
 M - a +4 ring of protection
 N - a +4 ring of slaying
 O - an amulet of magic regeneration
Wands
 i - a wand of flame (14)
 w - a wand of polymorph (3)
 y - a wand of iceblast (11)
 D - a wand of digging (9)
 E - a wand of mindburst (3)
 H - a wand of charming (11)
 K - a wand of light (1)
Scrolls
 e - 4 scrolls of fog
 l - 5 scrolls of fear
 p - 3 scrolls of silence
 u - 2 scrolls of teleportation
 x - 3 scrolls of amnesia
 A - 3 scrolls of magic mapping
 B - 2 scrolls of poison
 L - a scroll of blinking
 P - a scroll of identify
Potions
 a - 4 potions of magic
 c - 7 potions of flight
 d - 5 potions of mutation
 f - 4 potions of curing
 g - 2 potions of invisibility
 h - 3 potions of might
 k - a potion of heal wounds
 m - 5 potions of attraction
 q - 5 potions of lignification
 r - 2 potions of resistance
 s - 3 potions of brilliance
 t - 2 potions of berserk rage
 v - 3 potions of haste
 z - a potion of ambrosia


   Skills:
 + Level 13.0 Fighting
 + Level 16.8 Dodging
 - Level 2.6 Stealth
 + Level 10.8 Spellcasting
 + Level 8.1 Hexes
 + Level 13.6 Summonings
 - Level 5.2 Necromancy
 + Level 6.1 Translocations
 - Level 5.0 Ice Magic
 - Level 7.0 Air Magic


You had 2 spell levels left.
You knew the following spells:

 Your Spells              Type           Power      Damage    Failure   Level
a - Summon Small Mammal   Summ           100%       N/A       0%          1
b - Swiftness             Air            51%        N/A       1%          3
c - Call Canine Familiar  Summ           73%        N/A       1%          3
d - Summon Guardian Gole  Hex/Summ       65%        N/A       1%          3
e - Summon Lightning Spi  Summ/Air       63%        N/A       1%          4
f - Summon Forest         Summ/Tloc      31%        N/A       1%          5
g - Summon Mana Viper     Hex/Summ       65%        N/A       1%          5
h - Summon Cactus Giant   Summ           36%        N/A       2%          6
i - Blink                 Tloc           94%        N/A       1%          2

Your spell library contained the following spells:

 Spells                   Type           Power      Damage    Failure   Level
 Call Imp                 Summ           73%        N/A       1%          2
 Ensorcelled Hibernation  Hex/Ice        100%       N/A       1%          2
 Poisonous Vapours        Pois/Air       66%        N/A       1%          2
 Static Discharge         Conj/Air       66%        3-8/arc   1%          2
 Sting                    Tmut/Pois      56%        1d5       4%          1
 Passwall                 Tmut/Erth      11%        N/A       6%          2
 Kindle Blastsparks       Fire/Tloc/Air  76%        2d16      1%          3
 Lesser Beckoning         Tloc           47%        N/A       1%          3
 Cause Fear               Hex            27%        N/A       1%          4
 Summon Ice Beast         Ice/Summ       60%        N/A       1%          4
 Inner Flame              Hex/Fire       36%        N/A       2%          3
 Airstrike                Air            25%        2d(4-20)  2%          4
 Manifold Assault         Tloc           47%        N/A       3%          4
 Mephitic Cloud           Conj/Pois/Air  27%        N/A       4%          3
 Dispel Undead            Necr           43%        3d17      4%          4
 Fulminant Prism          Conj/Hex       18%        3d11      8%          4
 Iskenderun's Mystic Bla  Conj/Tloc      31%        2d8       11%         4
 Ignite Poison            Fire/Tmut/Pois 14%        N/A       12%         3
 Freezing Cloud           Conj/Ice/Air   18%        6-21      22%         5
 Lightning Bolt           Conj/Air       16%        1d30      26%         5
 Olgreb's Toxic Radiance  Pois           14%        N/A       36%         4
 Sticky Flame             Conj/Fire      14%        2d4       36%         4
 Haunt                    Necr/Summ      30%        N/A       56%         7
 Lee's Rapid Deconstruct  Erth           7%         3d7*      73%         5
 Discord                  Hex            27%        N/A       100%        8


Dungeon Overview and Level Annotations

Branches:
Dungeon (14/15)            Temple (1/1) D:7            Lair (5/5) D:8
 Shoals (0/4) Lair:3       Spider (0/4) Lair:2          Orc (2/2) D:11
    Elf (0/3) Orc:2        Vaults (0/5) D:13        Ossuary (visited)
  Slime: Lair:4-5

Altars:
Ashenzari
Cheibriados
Dithmenos
Elyvilon
Fedhas
Gozag
Hepliaklqana
Kikubaaqudgha
Makhleb
Nemelex Xobeh
Okawaru
Qazlal
Ru
Sif Muna
Trog
Uskayaw
Vehumet
Wu Jian
Xom
Yredelemnul
Zin
The Shining One
Jiyva

Shops:
D:3 *   D:7 [   D:10 =   Orc:1 =   Orc:2 *!:[:   Lair:1 =   Lair:2 :   Lair:4 =

Portals:
Pandemonium: Orc:2

Annotations:
D:3 2 transporters
D:13 1 runed translucent door, Frances; Zero's ghost, journeyman DECj
Lair:2 3 runed translucent doors, Jano's ghost, journeyman DsAr
Lair:4 exclusion: 3 oklob plants
Lair:5 exclusion: obsidian statue


Innate Abilities, Weirdness & Mutations

You have sharp claws.
You have razor-sharp teeth.
You have supernaturally acute eyesight. (SInv)
You cover ground quickly. (Speed+)
Your thick and shaggy fur keeps you warm. (AC +3, rC+)
Your paws help you pounce on unaware monsters.
You are incapable of wielding weapons or throwing items.
You cannot wear armour.
You gain extra lives every three experience levels.


Message History

Your cactus giant disappears in a puff of smoke!
As you open the door, it creaks loudly!
A centaur warrior comes into view.
The centaur warrior wields a +0 shortbow.
The centaur warrior shoots an arrow.
The arrow misses you.
Casting: Summon Cactus Giant (dangerous; 2% risk of failure)
Confirm with . or Enter, or press ? or * to list all spells.
The centaur warrior shoots an arrow.
The arrow misses you.
The centaur warrior shoots an arrow.
The arrow hits you!!
You close the door.
A centaur warrior opens the door.
Your cactus giant hits the centaur warrior with a +0 giant spiked club!
You close the door.
A centaur warrior breaks down the door.
The centaur warrior shoots an arrow.
The arrow hits you!
It's broken and can't be closed.
Casting: Summon Cactus Giant (dangerous; 2% risk of failure)
Confirm with . or Enter, or press ? or * to list all spells.
A guardian golem appears, shielding your allies.
The centaur warrior shoots an arrow.
The arrow completely misses you. What are your orders? t - Meow!
Orders for allies: a - Attack new target. r - Retreat! s - Stop attacking. g - Guard the area. f - Follow me.
Anything else - Cancel.
Gang up on whom?
Press: ? - help, Dir - move target, f - centaur warrior
Aim: a centaur warrior, wielding a +0 shortbow (lightly wounded, ally target) Attack!
The centaur warrior shoots an arrow.
The arrow closely misses you.
Your cactus giant hits the centaur warrior with a +0 giant spiked club!
The centaur warrior shoots an arrow.
The arrow hits you!
You swap places.
Found a falchion.
The centaur warrior attacks as you move away!
The centaur warrior unwields a +0 shortbow.
The centaur warrior completely misses you.
The centaur warrior kicks you.
* * * LOW HITPOINT WARNING * * *
The centaur warrior wields a +0 shortbow.
The centaur warrior shoots an arrow.
The arrow hits you!!
You die...
Your body crumbles into a pile of gold.

##+## #...#
#...# #...#
#####...# ### #
#....#@.#C..#
######
#.##.....#9c...+
###.....
#..#......##...#
.......
#.#####...#)..#
#.....
#..###(..# ....
##.....
#....'...+ #....
#......
#.#.##...# #...
#......
#.#.######
######.###.
#....#.#
#.#.###.


You could see a centaur warrior (ally target) and a friendly guardian golem
(summoned).

Vanquished Creatures
  A polar bear (Lair:4)
  A yak (Lair:4)
  2 orc warriors
  A boggart (D:14)
  2 centaurs
  An elf zombie (Ossuary)
  A bullfrog (Lair:1)
  7 electric eels
  A centaur zombie (Ossuary)
  An orc wizard (Orc:2)
  A white imp (D:9)
  An ufetubus (D:5)
  5 orcs
  3 ball pythons
  An endoplasm (D:3)
  A goblin (D:2)
  A hobgoblin (D:3)
  4 bats
  A kobold (D:11)
  An orc skeleton (D:11)
  3 rats
40 creatures vanquished.

Vanquished Creatures (collateral kills)
  Nessos (Lair:5)
  Azrael (D:14)
  A dire elephant (Lair:5)
  A hydra (D:14)
  A vault guard (D:13)
  A centaur warrior (D:13)
  A demonspawn (Orc:2)
  2 catoblepae (Lair:5)
  8 two-headed ogres
  An ogre mage (Orc:1)
  2 boulder beetles
  Erica (D:11)
  A spectral dire elephant (Lair:5)
  4 orc high priests (Orc:2)
  A fire crab (Lair:4)
  2 spectral death yaks (Lair:5)
  A lindwurm (Lair:5)
  3 necromancers (Lair:5)
  4 orc knights (Orc:2)
  7 orc sorcerers (Orc:2)
  17 ugly things
  2 manticores
  3 cyclopes
  Joseph (D:8)
  A black mamba (Lair:3)
  A dire elephant zombie (Lair:5)
  16 elephants
  A smoke demon (Orc:2)
  A rime drake (Lair:5)
  15 cane toads
  A kobold demonologist (D:11)
  A yaktaur (D:14)
  4 komodo dragons
  A red devil (Orc:2)
  An ice devil (Orc:2)
  6 trolls
  A wind drake (Lair:3)
  2 polar bears
  13 slime creatures
  A hornet (shapeshifter) (D:14)
  15 blink frogs
  4 dream sheep (Lair:4)
  A shadow (D:11)
  Sigmund (D:2)
  2 vampires
  2 basilisks
  3 wraiths
  4 wyverns
  25 yaks
  2 neqoxecs (Orc:2)
  3 fire elementals (D:14)
  3 vampire mosquitoes (D:13)
  A warg (Orc:2)
  9 water moccasins
  3 hell hounds (D:14)
  22 orc warriors
  An elephant zombie (Lair:5)
  2 black bears
  6 centaurs
  4 boggarts (D:14)
  7 ogres
  28 wolves
  2 phantoms (D:11)
  2 elf zombies (Ossuary)
  4 kobold brigands
  11 bullfrogs
  2 gnoll sergeants
  3 scorpions
  6 wights
  Dowan (D:7)
  An elephant simulacrum (Lair:5)
  2 troll zombies (D:11)
  6 howler monkeys
  6 hounds
  2 human zombies (Ossuary)
  A jelly (D:7)
  16 orc priests
  Jessica (D:2)
  5 hell rats
  2 iguanas
  Natasha (twice) (D:2)
  14 orc wizards
  6 ogre zombies (D:11)
  2 hound zombies (Ossuary)
  A mummy (Ossuary)
  11 gnolls
  3 adders
  A shadow imp (D:6)
  6 white imps
  2 ufetubi
  3 adder zombies (Ossuary)
  A worm (D:5)
  A dart slug (D:1)
  39 orcs
  2 bats
  5 endoplasms
  4 hobgoblins
  4 jackals (D:1)
  2 quokkas
  6 ball pythons
  2 frilled lizards
  7 goblins
  7 goblin zombies
  A hobgoblin skeleton (D:11)
  5 hobgoblin zombies
  4 jackal zombies (Ossuary)
  21 kobolds
  2 kobold zombies (Ossuary)
  6 orc skeletons (D:11)
  14 orc zombies
  3 quokka zombies (Ossuary)
  2 rats
  4 rat zombies (Ossuary)
547 creatures vanquished.

Vanquished Creatures (others)
  Gastronok (D:8)
  A dire elephant (Lair:5)
  Snorg (D:10)
  A hydra (Lair:2)
  Erolcha (D:12)
  2 two-headed ogres
  3 death yaks (Lair:5)
  A spectral anaconda (Lair:5)
  A steelbarb worm (shapeshifter) (D:14)
  An orc knight (Orc:1)
  2 ugly things
  4 elephants
  A black mamba (Lair:3)
  2 gargoyles
  2 cane toads
  2 komodo dragons
  A rime drake (Lair:3)
  4 trolls
  3 slime creatures
  A spectral elephant (Lair:5)
  3 yaks
  A wyvern (D:9)
  2 water moccasins
  Duvessa (D:7)
  2 ice beasts
  5 orc warriors
  A black bear (D:6)
  2 centaurs (D:11)
  An elephant skeleton (Lair:5)
  7 wolves
  A gnoll sergeant (D:8)
  A cane toad simulacrum (Lair:5)
  6 wights
  3 killer bees (D:9)
  A human zombie (Ossuary)
  An iguana (D:6)
  4 hell rats (Lair:2)
  2 mummies (Ossuary)
  2 gnolls (D:8)
  4 orcs (D:5)
  37 fungi
  101 plants
  24 withered plants (Lair:5)
247 creatures vanquished.

Grand Total: 834 creatures vanquished

Notes
Turn   | Place    | Note
-------+----------+-------------------------------------------
     0 | D:1      | Engwar the Felid Summoner began the quest for the Orb.
     0 | D:1      | Reached XP level 1. HP: 7/7 MP: 4/4
   360 | D:1      | Reached XP level 2. HP: 11/11 MP: 3/6
   391 | D:1      | Learned a level 2 spell: Call Imp
  1270 | D:1      | Reached XP level 3. HP: 14/14 MP: 4/8
  1277 | D:1      | Learned a level 3 spell: Call Canine Familiar
  1514 | D:2      | Noticed Jessica
  1527 | D:2      | Killed Jessica
  1681 | D:2      | Noticed Sigmund
  1712 | D:2      | Killed Sigmund
  1713 | D:2      | Reached skill level 5 in Summonings
  1713 | D:2      | Reached XP level 4. HP: 18/18 MP: 2/11
  1713 | D:2      | Reached XP level 5. HP: 21/21 MP: 2/12
  1717 | D:2      | Learned a level 3 spell: Summon Guardian Golem
  2164 | D:2      | Noticed Natasha
  2174 | D:2      | Killed Natasha
  2379 | D:2      | Noticed Natasha
  2387 | D:2      | Killed Natasha
  2388 | D:2      | Reached skill level 1 in Hexes
  2388 | D:2      | Gained mutation: You are covered in thick fur. (AC +2)
                  | [Felid growth]
  2388 | D:2      | Reached XP level 6. HP: 25/25 MP: 10/13
  2499 | D:3      | Found a transporter.
  2596 | D:3      | Found a transporter.
  2602 | D:3      | Found Ivulouh's General Store.
  2623 | D:3      | Reached skill level 3 in Dodging
  3278 | D:3      | Found a faded altar of an unknown god.
  3481 | D:4      | Reached skill level 1 in Fighting
  3487 | D:4      | Learned a level 4 spell: Summon Lightning Spire
  3555 | D:5      | Entered Level 5 of the Dungeon
  3744 | D:5      | Reached XP level 7. HP: 29/29 MP: 14/14
  4209 | D:5      | Reached skill level 4 in Dodging
  5570 | D:6      | Found a sand-covered staircase.
  5578 | Ossuary  | Entered an ossuary
  5734 | Ossuary  | Reached skill level 5 in Spellcasting
  5860 | Ossuary  | Reached XP level 8. HP: 29/34 MP: 16/16
  5887 | Ossuary  | Reached skill level 5 in Dodging
  6209 | Ossuary  | Reached skill level 5 in Hexes
  6281 | D:6      | Found a shimmering blue altar of Sif Muna.
  6987 | D:6      | Found a burning altar of Makhleb.
  7004 | D:6      | Found an ancient bone altar of Kikubaaqudgha.
  7341 | D:6      | Reached skill level 6 in Dodging
  7676 | D:7      | Found Koomax Hufre's Armour Shop.
  7908 | D:7      | Found a staircase to the Ecumenical Temple.
  7968 | Temple   | Entered the Ecumenical Temple
  7976 | Temple   | Became a worshipper of Gozag Ym Sagoz the Greedy
  8003 | D:7      | Found a sparkling altar of Nemelex Xobeh.
  8153 | D:7      | Reached XP level 9. HP: 39/39 MP: 19/19
  8224 | D:7      | Noticed Dowan
  8225 | D:7      | Noticed Duvessa
  8239 | D:7      | Killed Dowan
  8244 | D:7      | Killed Duvessa
  8245 | D:7      | Reached skill level 1 in Air Magic
  8870 | D:8      | Reached skill level 7 in Dodging
  8874 | D:8      | Noticed Joseph
  8957 | D:8      | Noticed Gastronok
  8988 | D:8      | Killed Gastronok
  8989 | D:8      | Reached skill level 5 in Fighting
  8989 | D:8      | Reached skill level 8 in Dodging
  9415 | D:8      | Noticed a red ugly thing
  9448 | D:8      | Killed a red ugly thing
  9449 | D:8      | Reached XP level 10. HP: 42/45 MP: 8/21
  9920 | D:9      | Noticed a two-headed ogre
  9930 | D:9      | Killed a two-headed ogre
 10370 | D:9      | Reached skill level 9 in Dodging
 10632 | D:9      | Noticed a two-headed ogre
 10652 | D:9      | Killed a two-headed ogre
 11619 | D:10     | Entered Level 10 of the Dungeon
 11655 | D:10     | Killed by an exploding themself... ignited by their inner
                  | flame
 11656 | D:10     | Reached XP level 9. HP: 0/43 MP: 28/30
 11831 | D:10     | Noticed Snorg
 11855 | D:10     | Mangled by Snorg
 11856 | D:10     | Reached XP level 8. HP: -7/40 MP: 27/29
 11976 | D:10     | Killed Snorg
 11977 | D:10     | Reached XP level 9. HP: 43/43 MP: 22/22
 12141 | D:10     | Reached skill level 10 in Dodging
 12141 | D:10     | Reached skill level 5 in Air Magic
 12491 | D:10     | Noticed a two-headed ogre
 12503 | D:10     | Killed a two-headed ogre
 12636 | D:10     | Killed a troll
 12907 | D:11     | Noticed a kobold demonologist
 13028 | D:11     | Noticed a cyclops
 13043 | D:11     | Noticed a boulder beetle
 13047 | D:11     | Killed a cyclops
 13048 | D:11     | Reached XP level 10. HP: 47/47 MP: 23/23
 13060 | D:11     | HP: 2/47 [boulder beetle (25)]
 13413 | D:11     | Noticed a rust devil
 13537 | D:11     | Found a staircase to the Orcish Mines.
 14147 | D:11     | Noticed a gargoyle
 14616 | D:11     | Noticed Erica
 14623 | D:11     | Killed Erica
 14740 | D:10     | Bought an amulet of Onacacs {Reflect Regen+ MP-9 Str+7 SH+5
                  | Stlth+} for 569 gold pieces
 14756 | D:11     | Noticed a red ugly thing
 14842 | D:11     | Killed a red ugly thing
 15084 | D:11     | Noticed a boulder beetle
 15169 | D:11     | Killed a boulder beetle
 15170 | D:11     | Reached skill level 10 in Summonings
 15541 | D:11     | Killed a gargoyle
 15542 | D:11     | Reached skill level 11 in Dodging
 15701 | D:11     | You fall into a shaft and drop 1 floor!
 15963 | D:12     | Noticed Erolcha
 15999 | D:12     | Noticed a gargoyle
 16009 | D:12     | Killed a gargoyle
 16010 | D:12     | Reached XP level 11. HP: 52/52 MP: 18/24
 16355 | D:12     | Killed Erolcha
 17254 | D:8      | Killed Joseph
 18146 | D:8      | Found a staircase to the Lair.
 18297 | Lair:1   | Entered Level 1 of the Lair of Beasts
 18543 | Lair:1   | Reached skill level 12 in Dodging
 19704 | Lair:2   | Mangled by a hell rat
 19705 | Lair:2   | Reached XP level 10. HP: -6/43 MP: 18/24
 19744 | Lair:2   | Reached XP level 11. HP: 53/53 MP: 15/25
 19952 | Lair:2   | Found a hole to the Spider Nest.
 20035 | Lair:2   | Reached skill level 10 in Spellcasting
 20149 | Lair:2   | Found a runed translucent gate.
 20149 | Lair:2   | Found a runed translucent gate.
 20151 | Lair:2   | Found a runed translucent gate.
 20151 | Lair:2   | Noticed a glowing orange brain
 20152 | Lair:2   | Noticed Jano's ghost (journeyman DsAr)
 20205 | Lair:2   | Reached skill level 13 in Dodging
 20285 | Lair:2   | Identified a scroll of acquirement
 20285 | Lair:2   | Acquired 1202 gold pieces
 20298 | Lair:2   | Bought Piduiroj's Tractate on the Called Chill for 600 gold
                  | pieces
 20303 | Lair:2   | Learned a level 4 spell: Summon Ice Beast
 20311 | Lair:2   | Learned a level 7 spell: Haunt
 20505 | Lair:2   | Noticed a six-headed hydra
 20520 | Lair:2   | Killed a six-headed hydra
 20521 | Lair:2   | Reached skill level 10 in Fighting
 20613 | Lair:3   | Reached skill level 1 in Ice Magic
 21192 | Lair:3   | Gained mutation: Your thick and shaggy fur keeps you warm.
                  | (AC +3, rC+) [Felid growth]
 21192 | Lair:3   | Reached XP level 12. HP: 58/58 MP: 12/27
 21496 | Lair:3   | Found a staircase to the Shoals.
 21524 | Lair:3   | HP: 1/58 [wind drake/the air (16)]
 21917 | Lair:4   | Reached skill level 14 in Dodging
 22868 | Lair:4   | Found a viscous altar of Jiyva.
 22915 | Lair:3   | HP: 2/60 [wind drake/the air (20)]
 23707 | Lair:5   | Entered Level 5 of the Lair of Beasts
 23937 | Lair:5   | Reached skill level 1 in Necromancy
 24044 | Lair:5   | Found a gate leading to a gauntlet.
 24055 | Lair:5   | Reached XP level 13. HP: 63/63 MP: 15/28
 24197 | Lair:5   | Noticed Nessos
 24448 | Lair:5   | Identified the +9 rapier of Muwko {protect, Will+ MP+9
                  | Int+4}
 24600 | Lair:5   | HP: 3/63 [Nessos/arrow (2)]
 24601 | Lair:5   | HP: 1/63 [poisoned by Nessos]
 24751 | Lair:5   | Reached skill level 5 in Ice Magic
 24791 | Lair:5   | Killed Nessos
 24792 | Lair:5   | Reached skill level 15 in Dodging
 25580 | Lair:5   | Noticed a dire elephant
 25580 | Lair:5   | Noticed a dire elephant
 25581 | Lair:5   | Noticed a dire elephant
 26526 | Lair:5   | Killed a dire elephant
 26856 | Lair:5   | Killed a dire elephant
 27272 | Orc:1    | Entered Level 1 of the Orcish Mines
 28045 | Orc:1    | Reached skill level 5 in Necromancy
 28045 | Orc:1    | Reached XP level 14. HP: 19/69 MP: 20/29
 28601 | Orc:2    | Entered Level 2 of the Orcish Mines
 28885 | Orc:2    | Found Cotiyl's Book Shoppe.
 28916 | Orc:2    | Bought a book of the Wilderness for 494 gold pieces
 28916 | Orc:2    | Bought a book of Spatial Translocations for 312 gold pieces
 28923 | Orc:2    | Learned a level 5 spell: Summon Mana Viper
 28930 | Orc:2    | Learned a level 6 spell: Summon Cactus Giant
 28937 | Orc:2    | Learned a level 5 spell: Summon Forest
 28940 | Orc:2    | Learned a level 2 spell: Blink
 29180 | Orc:2    | Reached skill level 16 in Dodging
 29417 | Orc:2    | Reached skill level 1 in Translocations
 29643 | Orc:2    | Found a staircase to the Elven Halls.
 29983 | Orc:2    | Found Tecuho's Distillery.
 30012 | Orc:2    | Found Bimpoud's General Store.
 30705 | Orc:2    | Paralysed by an orc sorcerer for 2 turns
 31224 | Orc:2    | Found Eschiowoe's Antique Armour Shop.
 31224 | Orc:2    | Found Sugokh's Book Boutique.
 31225 | Orc:2    | Found a one-way gate leading to the halls of Pandemonium.
 31338 | Orc:1    | Bought a +6 ring of intelligence for 612 gold pieces
 31514 | D:13     | Noticed Zero's ghost (journeyman DECj)
 31655 | D:13     | Noticed Frances
 31694 | D:13     | Found a runed translucent door.
 31864 | D:13     | Learned a level 3 spell: Swiftness
 31997 | D:13     | Found a gate to the Vaults.
 32567 | D:13     | Found a shimmering blue altar of Sif Muna.
 32837 | D:14     | Noticed Azrael
 33010 | D:14     | Reached skill level 5 in Translocations
 33446 | D:14     | HP: 2/69 [Azrael/bolt of fire (46)]
 33448 | D:14     | Killed from afar by Azrael
 33449 | D:14     | Reached XP level 13. HP: -27/65 MP: 11/19
 33515 | D:14     | Reached XP level 14. HP: 69/69 MP: 15/29
 33575 | D:14     | Killed Azrael
 33965 | D:14     | Shot with an arrow by a centaur warrior

Illustrated notes

Levels and vault maps discovered:
D:1:      minmay_arrival_split_and_join, layout_basic, minmay_misc_feat_five,
          item_on_display_a
D:2:      layout_loops_corners, uniq_natasha, uniq_sigmund, uniq_jessica
D:3:      gammafunk_steamed_eel, layout_rooms, serial_shops,
          nicolae_shop_waterfront, dilly_ecumenical_altar_fadedgnrine,
          eino_tiny_chamber
D:4:      layout_basic
D:5:      layout_basic
D:6:      layout_loops_corners, overflow_temple_1_default,
          mainiacjoe_overflow_catch_the_wave, chequers_ossuary_entry_cave,
          chequers_avenue, hangedman_decor_slide_cut
D:7:      layout_basic, nemelex_xobeh_ov_fountains_minmay,
          minmay_temple_entry_antechambers, serial_shops, nicolae_diamond_shop,
          uniq_duvessa
D:8:      layout_loops_cross, erik_lair_island, minmay_misc_feat_doors,
          hex_tiny, uniq_joseph, uniq_gastronok
D:9:      layout_roguey, serial_ice, serial_ice_j, serial_ice_h, serial_ice_d,
          serial_ice_c
D:10:     layout_irregular_city, uniq_snorg
D:11:     layout_irregular_city, zombieorc2_lemuel, minivault_10, uniq_erica
D:12:     layout_basic, portal_ice_cave_entry_pillars_2, uniq_erolcha
D:13:     layout_irregular_city, david_vaults_5, hellmonk_ghost_happy_afterlife,
          nicolae_sif_muna_little_library, uniq_frances
D:14:     layout_rooms, hangedman_abyss_or_decor_clamps, uniq_azrael
Temple:   nicolae_temple_no_exploring_needed
Lair:1:   layout_regular_city, dpeg_stationary_puzzle, lemuel_fruit_tree
Lair:2:   layout_chaotic_city, spider_nest_entry_web_field, gammafunk_ghost_ooze
Lair:3:   layout_loops_ring, minmay_shoals_entry_beasts,
          chequers_serial_rivers_small_a, st_stairs_11, grunt_megastairs_4
Lair:4:   layout_roguey, minmay_slime_entry_oklob_open
Lair:5:   due_jungle_book, layout_gridlike, gauntlet_entry_generic,
          nicolae_lair_lindhole, uniq_nessos
Orc:1:    layout_diamond_mine
Orc:2:    pf_orc_diabolical, layout_diamond_mine, serial_shops, shop

Skill      XL: |  1  2  3  4  5  6  7  8  9 10 11 12 13 14 |
---------------+-------------------------------------------+-----
Spellcasting   | 4 5 8 7 10 | 10.8
Summonings     | 5 6 7 8 10 11 12 13 | 13.6
Hexes          | 1 2 4 5 8 |  8.1
Dodging        | 3 4 6 10 11 13 14 15 16 | 16.8
Fighting       | 1 3 4 5 8 10 11 12 13 | 13.0
Air Magic      | 5 6 7 |  7.0
Ice Magic      | 2 4 5 |  5.0
Necromancy     | 1 5 |  5.2
Translocations | 6 |  6.1
Stealth        | |  2.6

Action                   |  1- 3 |  4- 6 |  7- 9 | 10-12 | 13-15 || total
-------------------------+-------+-------+-------+-------+-------++-------
Melee: Unarmed           |     9 |    66 |    76 |   113 |    94 ||   358
       Bite              |     1 |     7 |    17 |    24 |    17 ||    66
       Punch             |       |       |     3 |     1 |     1 ||     5
 Cast: Summon Small Mamm |    31 |     1 |    18 |    17 |     6 ||    73
       Call Imp          |     9 |     2 |       |       |       ||    11
       Call Canine Famil |     5 |    15 |    63 |   116 |    93 ||   292
       Summon Guardian G |       |       |    43 |    68 |    47 ||   158
       Summon Lightning  |       |       |     6 |    52 |    31 ||    89
       Summon Ice Beast  |       |       |       |    32 |    11 ||    43
       Summon Cactus Gia |       |       |       |       |    54 ||    54
       Summon Forest     |       |       |       |       |     6 ||     6
       Summon Mana Viper |       |       |       |       |     3 ||     3
       Swiftness         |       |       |       |       |     1 ||     1
Invok: Call Merchant     |       |       |       |     3 |     2 ||     5
Evoke: Wand              |       |     2 |       |    12 |       ||    14
  Use: Scroll            |       |    13 |    10 |    12 |    10 ||    45
       Potion            |       |       |     1 |       |     8 ||     9
 Stab: Distracted        |       |     1 |     2 |     1 |     3 ||     7
       Sleeping          |       |     1 |       |       |       ||     1
       Invisible         |       |       |       |     1 |       ||     1
Armor: Skin              |       |     5 |     6 |     6 |     6 ||    23
Dodge: Dodged            |     9 |    60 |   182 |   322 |   282 ||   855
Block: Other             |       |       |       |    46 |    54 ||   100
       Reflection        |       |       |       |     4 |    11 ||    15

Table legend: (Time is in decaauts)
 A = Elapsed time spent in this place.
 B = Non-inter-level travel time spent in this place.
 C = Inter-level travel time spent in this place.
 D = Time resting spent in this place.
 E = Time spent auto-exploring this place.
 F = Levels seen in this place.
 G = Mean time per level.
                   A        B        C        D        E       F      G
               +--------+--------+--------+--------+--------+-----+--------+
         Total |  30280 |  28617 |   1663 |   6650 |  11690 |  23 | 1316.5 |
       Dungeon |  18164 |  17019 |   1145 |   3809 |   8035 |  14 | 1297.4 |
        Temple |     13 |      7 |      6 |      0 |      0 |   1 |   13.0 |
          Lair |   7899 |   7493 |    406 |   1648 |   2796 |   5 | 1579.8 |
  Orcish Mines |   3584 |   3480 |    104 |   1083 |    859 |   2 | 1792.0 |
       Ossuary |    618 |    618 |      0 |    110 |      0 |   1 |  618.0 |
               +--------+--------+--------+--------+--------+-----+--------+

Top non-repeatable levels by time:
  Lair:5: 2640 daAuts
   Orc:2: 2304 daAuts
    D:10: 2041 daAuts
    D:11: 1956 daAuts
     D:9: 1923 daAuts
     D:5: 1796 daAuts
  Lair:4: 1755 daAuts
     D:8: 1571 daAuts
  Lair:3: 1475 daAuts
     D:7: 1447 daAuts
     D:1: 1306 daAuts
   Orc:1: 1280 daAuts
  Lair:1: 1204 daAuts
    D:13: 1183 daAuts
    D:12: 1137 daAuts
